Canadiens vs Senateurs

Created - March 12, 2018 at 19:07

Goals
1 2 3 T
Canadiens 2 2 0 4
Senateurs 3 1 1 5
Shots
1 2 3 T
Canadiens 11 5 6 22
Senateurs 9 5 5 19

1st period

1. Senateurs , B.J. Crombeen 14 (Vladimir Mihalik 6, Thomas Vanek 41) at 1:51
2. Senateurs , Thomas Vanek 26 (Dan Hamhuis 25, Evgeni Malkin 48) at 2:01 (PP)
3. Canadiens , Dennis Wideman 5 (Sidney Crosby 53, Luke Schenn 24) at 4:55 (PP)
4. Canadiens , Patrick Sharp 19 (Sidney Crosby 54, Jason Spezza 24) at 9:34
5. Senateurs , Cody Hodgson 17 (Kurtis Foster 30, Johan Franzen 23) at 18:18

Penalties :
Adam Pardy (Mon) for Roughing (Minor) at 1:54, Vladimir Mihalik (Ott) for Holding (Minor) at 4:19, Ramzi Abid (Ott) for Holding (Minor) at 6:02, Cody Franson (Ott) for Hooking (Minor) at 18:56

2nd period

6. Senateurs , Ramzi Abid 10 (Brenden Morrow 30, Carlo Colaiacovo 17) at 1:37
7. Canadiens , David Jones 4 (Dustin Boyd 17, Vitaly Vishnevsky 17) at 3:02
8. Canadiens , Dustin Boyd 19 (Sidney Crosby 55, Joe Pavelski 29) at 17:19

Penalties :
No Penalty

3rd period

9. Senateurs , Brenden Morrow 22 (Cody Hodgson 11, Johan Franzen 24) at 19:36 (PP)

Penalties :
Adam Pardy (Mon) for High sticking (Minor) at 3:26, Pascal Dupuis (Ott) for Roughing (Double Minor) at 11:45, Luke Schenn (Mon) for High sticking (Minor) at 19:26

Goalie Stats

Jonathan Bernier (Mon), 6 saves from 10 shots - (0.600), 21:37 minutes
Mikael Tellqvist (Mon), 8 saves from 9 shots - (0.889), L, 3-4-0, 38:05 minutes
Ondrej Pavelec (Ott), 18 saves from 22 shots - (0.818), W, 24-17-2, 60:00 minutes

Players Stats for Canadiens

Player Name              G  A  P  +/- PIM S  H  SB GA TA FO     MP     PP MP  PK MP  
------------------------------------------------------------------------------------
Adam Pardy               0  0  0  -2  4   1  1  1  0  0  0/0    13:28   0:10   0:00 
Andrew Ebbett            0  0  0   0  0   0  0  0  0  0  0/0     4:27   0:30   0:04 
Brett Maclean            0  0  0   2  0   2  1  0  0  0  0/0    12:14   0:00   0:00 
David Jones              1  0  1   2  0   3  1  0  0  0  1/2    14:27   0:30   0:18 
Dennis Wideman           1  0  1   0  0   1  0  1  0  0  0/0    27:11   5:19   1:12 
Dustin Boyd              1  1  2   2  0   2  0  0  0  0  1/3    13:52   0:25   0:00 
Evgeny Dadonov           0  0  0  -2  0   1  0  0  0  0  0/0    17:55   3:14   0:00 
Greg Stewart             0  0  0  -2  0   1  2  0  3  0  0/0    18:22   3:14   0:22 
Jason Spezza             0  1  1  -2  0   2  1  0  0  0  11/12  19:30   3:14   1:36 
Joe Pavelski             0  1  1   0  0   0  0  0  0  1  2/2    20:20   4:49   0:18 
Karl Alzner              0  0  0   2  0   0  2  2  0  0  0/0    19:35   3:04   1:04 
Ladislav Nagy            0  0  0   0  0   0  1  1  0  0  0/1     6:44   0:05   0:00 
Luke Schenn              0  1  1   0  2   0  3  1  0  1  0/0    27:02   5:19   1:12 
Marcel Goc               0  0  0   0  0   0  0  0  0  0  1/1     5:09   0:00   0:00 
Patrick Sharp            1  0  1   0  0   4  1  0  0  0  0/1    20:18   4:49   0:18 
Sidney Crosby            0  3  3   0  0   4  3  1  1  1  16/29  24:10   4:49   1:36 
Vitaly Vishnevsky        0  1  1   2  0   1  0  0  1  0  0/0    19:35   3:04   1:04 
Wes O'Neill              0  0  0  -2  0   0  0  2  0  1  0/0    13:22   0:10   0:00 

Players Stats for Senateurs

Player Name              G  A  P  +/- PIM S  H  SB GA TA FO     MP     PP MP  PK MP  
------------------------------------------------------------------------------------
Arturs Kulda             0  0  0   0  0   0  0  0  0  0  0/0     6:43   0:00   0:00 
B.J. Crombeen            1  0  1   0  0   5  0  0  0  2  1/5    20:00   1:36   2:20 
Brenden Morrow           1  1  2   1  0   1  0  0  0  0  2/2    19:08   0:40   3:03 
Brooks Orpik             0  0  0   1  0   0  1  0  0  0  0/0    11:16   0:00   0:00 
Carlo Colaiacovo         0  1  1   0  0   0  1  2  0  0  0/0    17:50   1:29   3:45 
Cody Franson             0  0  0  -1  2   1  1  0  0  1  0/0    16:58   1:29   2:58 
Cody Hodgson             1  1  2   1  0   1  2  1  0  0  3/8    15:46   0:40   0:00 
Dan Girardi              0  0  0   0  0   0  1  0  0  0  0/0     6:43   0:00   0:00 
Dan Hamhuis              0  1  1  -1  0   0  0  2  2  1  0/0    24:22   0:47   4:48 
David Krejci             0  0  0   0  0   2  0  0  1  0  2/6    14:37   0:00   0:37 
Evgeni Malkin            0  1  1  -1  0   2  1  0  1  1  10/28  23:58   1:36   4:52 
Johan Franzen            0  2  2   1  0   0  2  0  0  0  1/1    16:00   0:40   0:00 
Kurtis Foster            0  1  1  -1  0   0  2  1  0  0  0/0    24:22   0:47   4:48 
Pascal Dupuis            0  0  0   0  4   1  1  0  0  0  0/0    13:35   0:00   0:00 
Ramzi Abid               1  0  1   0  2   2  0  0  0  0  0/0    15:31   0:00   0:26 
Sergei Kostitsyn         0  0  0  -1  0   0  0  0  0  0  0/0     7:59   0:00   1:00 
Thomas Vanek             1  1  2  -1  0   4  3  0  0  0  0/1    24:02   1:36   4:48 
Vladimir Mihalik         0  1  1   2  2   0  0  1  0  0  0/0    12:33   0:00   0:47 

3 Stars

1 - Cody Hodgson (Ott)
2 - Dustin Boyd (Mon)
3 - Brenden Morrow (Ott)

Power Play

Canadiens - 1 on 5 Attempt(s) - 20.00%
Senateurs - 2 on 3 Attempt(s) - 66.67%

Penalty Kill

Canadiens - 1 on 3 Attempt(s) - 33.33% - Score 0 goal in Penalty Kill
Senateurs - 4 on 5 Attempt(s) - 80.00% - Score 0 goal in Penalty Kill

Team Stat

Canadiens - Hits : 16 - Faceoff Wins : 32 - Blocked Shots : 9 - Penalty Minutes : 6
Senateurs - Hits : 15 - Faceoff Wins : 19 - Blocked Shots : 7 - Penalty Minutes : 10

Official

Referees : LaRue Dennis and Watson Brad
Linesman : Mark Wheler and Steve Miller

Game Notes

Mikael Tellqvist enters game at 1:37 of 2nd period

Finance

Level 1 -- Attendance: 5408 (90.13%) -- Ticket Income $448,864
Level 2 -- Attendance: 5000 (100.00%) -- Ticket Income $265,000
Level 3 -- Attendance: 1917 (95.85%) -- Ticket Income $63,261
Level 4 -- Attendance: 4000 (100.00%) -- Ticket Income $92,000
Luxury Box -- Attendance: 981 (98.10%) -- Ticket Income $152,055
Game was played at the Place Banque Scotia.
Total Attendance: 17306 (96.14%)
Total Ticket Income: $1,021,180
Other Income: $153,177
Total Income: $1,174,357

Canadiens

5 vs 5 Forward 
   Center                   Left Wing                Right Wing               Time % Phy DF OF 
 1 Sidney Crosby            Patrick Sharp            Joe Pavelski             40     1   2  2  
 2 Jason Spezza             Greg Stewart             Evgeny Dadonov           30     1   2  2  
 3 Dustin Boyd              Brett Maclean            David Jones              20     1   2  2  
 4 Marcel Goc               Ladislav Nagy            Sidney Crosby            10     1   2  2  

5 vs 5 Defense 
   Defense                  Defense                                           Time % Phy DF OF 
 1 Luke Schenn              Dennis Wideman                                    40     1   2  2  
 2 Vitaly Vishnevsky        Karl Alzner                                       30     1   2  2  
 3 Wes O'Neill              Adam Pardy                                        20     1   2  2  
 4 Luke Schenn              Dennis Wideman                                    10     1   2  2  

PowerPlay Forward 
   Center                   Left Wing                Right Wing               Time % Phy DF OF 
 1 Sidney Crosby            Patrick Sharp            Joe Pavelski             60     1   2  2  
 2 Jason Spezza             Greg Stewart             Evgeny Dadonov           40     1   2  2  

PowerPlay Defense
   Defense                  Defense                                           Time % Phy DF OF 
 1 Luke Schenn              Dennis Wideman                                    60     1   2  2  
 2 Vitaly Vishnevsky        Karl Alzner                                       40     1   2  2  

Penalty Kill 4 Players Forward 
   Center                   Wing                     Time % Phy DF OF 
 1 Sidney Crosby            Jason Spezza             60     1   2  2  
 2 Joe Pavelski             Patrick Sharp            40     1   2  2  

Penalty Kill 4 Players Defense
   Defense                  Defense                  Time % Phy DF OF 
 1 Luke Schenn              Dennis Wideman           60     1   2  2  
 2 Vitaly Vishnevsky        Karl Alzner              40     1   2  2  

Penalty Kill - 3 Players Forward 
   Forward                                           Time % Phy DF OF 
 1 Sidney Crosby                                     60     1   2  2  
 2 Jason Spezza                                      40     1   2  2  

Penalty Kill - 3 Players Defense
   Defense                  Defense                  Time % Phy DF OF 
 1 Luke Schenn              Dennis Wideman           60     1   2  2  
 2 Vitaly Vishnevsky        Karl Alzner              40     1   2  2  

4 vs 4 Forward 
   Center                   Wing                     Time % Phy DF OF 
 1 Sidney Crosby            Jason Spezza             60     1   2  2  
 2 Joe Pavelski             Patrick Sharp            40     1   2  2  

4 vs 4 Defense
   Defense                  Defense                  Time % Phy DF OF 
 1 Luke Schenn              Dennis Wideman           60     1   2  2  
 2 Vitaly Vishnevsky        Karl Alzner              40     1   2  2  

Last Minutes Offensive
   Center                   Left Wing                Right Wing               Defense                  Defense                  
   Sidney Crosby            Patrick Sharp            Joe Pavelski             Luke Schenn              Dennis Wideman           

Last Minutes Defensive
   Center                   Left Wing                Right Wing               Defense                  Defense                  
   Sidney Crosby            Patrick Sharp            Joe Pavelski             Luke Schenn              Dennis Wideman           

Goaltenders
Starting : Jonathan Bernier         
Backup : Mikael Tellqvist         

Extra Forwards
Normal : Andrew Ebbett, Dustin Boyd, David Jones - PP : Andrew Ebbett, Dustin Boyd - PK : David Jones
Extra Defensemen
Normal : Wes O'Neill, Adam Pardy, Vitaly Vishnevsky - PP : Wes O'Neill - PK : Adam Pardy, Vitaly Vishnevsky
Penalty Shots
Sidney Crosby, Jason Spezza, Joe Pavelski, Patrick Sharp, Greg Stewart

Scratches
Jiri Tlusty (Healthy)

Senateurs

5 vs 5 Forward 
   Center                   Left Wing                Right Wing               Time % Phy DF OF 
 1 Evgeni Malkin            Thomas Vanek             B.J. Crombeen            40     1   2  2  
 2 Cody Hodgson             Brenden Morrow           Johan Franzen            30     1   2  2  
 3 David Krejci             Ramzi Abid               Pascal Dupuis            20     1   2  2  
 4 Evgeni Malkin            Sergei Kostitsyn         Thomas Vanek             10     1   2  2  

5 vs 5 Defense 
   Defense                  Defense                                           Time % Phy DF OF 
 1 Dan Hamhuis              Kurtis Foster                                     40     1   2  2  
 2 Cody Franson             Carlo Colaiacovo                                  30     1   2  2  
 3 Brooks Orpik             Vladimir Mihalik                                  20     1   2  2  
 4 Dan Girardi              Arturs Kulda                                      10     1   2  2  

PowerPlay Forward 
   Center                   Left Wing                Right Wing               Time % Phy DF OF 
 1 Evgeni Malkin            Thomas Vanek             B.J. Crombeen            60     1   2  2  
 2 Cody Hodgson             Brenden Morrow           Johan Franzen            40     1   2  2  

PowerPlay Defense
   Defense                  Defense                                           Time % Phy DF OF 
 1 Dan Hamhuis              Kurtis Foster                                     60     1   2  2  
 2 Cody Franson             Carlo Colaiacovo                                  40     1   2  2  

Penalty Kill 4 Players Forward 
   Center                   Wing                     Time % Phy DF OF 
 1 Evgeni Malkin            Thomas Vanek             60     1   2  2  
 2 Brenden Morrow           B.J. Crombeen            40     1   2  2  

Penalty Kill 4 Players Defense
   Defense                  Defense                  Time % Phy DF OF 
 1 Dan Hamhuis              Kurtis Foster            60     1   2  2  
 2 Cody Franson             Carlo Colaiacovo         40     1   2  2  

Penalty Kill - 3 Players Forward 
   Forward                                           Time % Phy DF OF 
 1 Evgeni Malkin                                     60     1   2  2  
 2 Thomas Vanek                                      40     1   2  2  

Penalty Kill - 3 Players Defense
   Defense                  Defense                  Time % Phy DF OF 
 1 Dan Hamhuis              Kurtis Foster            60     1   2  2  
 2 Cody Franson             Carlo Colaiacovo         40     1   2  2  

4 vs 4 Forward 
   Center                   Wing                     Time % Phy DF OF 
 1 Evgeni Malkin            Thomas Vanek             60     1   2  2  
 2 Brenden Morrow           B.J. Crombeen            40     1   2  2  

4 vs 4 Defense
   Defense                  Defense                  Time % Phy DF OF 
 1 Dan Hamhuis              Kurtis Foster            60     1   2  2  
 2 Cody Franson             Carlo Colaiacovo         40     1   2  2  

Last Minutes Offensive
   Center                   Left Wing                Right Wing               Defense                  Defense                  
   Evgeni Malkin            Thomas Vanek             B.J. Crombeen            Dan Hamhuis              Kurtis Foster            

Last Minutes Defensive
   Center                   Left Wing                Right Wing               Defense                  Defense                  
   Evgeni Malkin            Thomas Vanek             B.J. Crombeen            Dan Hamhuis              Kurtis Foster            

Goaltenders
Starting : Ondrej Pavelec           
Backup : Jeff Deslauriers         

Extra Forwards
Normal : Ramzi Abid, David Krejci, Sergei Kostitsyn - PP : Ramzi Abid, David Krejci - PK : Sergei Kostitsyn
Extra Defensemen
Normal : Brooks Orpik, Vladimir Mihalik, Dan Girardi - PP : Brooks Orpik - PK : Vladimir Mihalik, Dan Girardi
Penalty Shots
Evgeni Malkin, Thomas Vanek, Brenden Morrow, B.J. Crombeen, Johan Franzen

Scratches
Brandon Dubinsky (Healthy), Milan Hejduk (Healthy), Ryan Malone (Healthy)

% Time on Ice - Canadiens

Lines # - Real PCT - Wanted PCT - Time Play
Normal Forward
1 - 30% - 40% - 14:29
2 - 35% - 30% - 17:08
3 - 25% - 20% - 12:02
4 - 11% - 10% - 5:09
Normal Defense
1 - 39% - 40% - 18:54
2 - 32% - 30% - 15:27
3 - 25% - 20% - 12:18
4 - 4% - 10% - 2:09
PP Forward
1 - 57% - 60% - 4:54
2 - 43% - 40% - 3:39
PP Defense
1 - 64% - 60% - 5:29
2 - 36% - 40% - 3:04
PK Forward
1 - 87% - 60% - 1:58
2 - 13% - 40% - 0:18
PK Defense
1 - 53% - 60% - 1:12
2 - 47% - 40% - 1:04
PK3 Forward
1 - 0% - 60%
2 - 0% - 40%
PK3 Defense
1 - 0% - 60%
2 - 0% - 40%
44 Forward
1 - 0% - 60%
2 - 0% - 40%
44 Defense
1 - 0% - 60%
2 - 0% - 40%
Last Minute Offensive  - 0:23
Last Minute Defensive  - 0:00
Total
Forward - 60:00
Defense - 60:00

% Time on Ice - Senateurs

Lines # - Real PCT - Wanted PCT - Time Play
Normal Forward
1 - 30% - 40% - 14:50
2 - 35% - 30% - 16:55
3 - 26% - 20% - 12:51
4 - 9% - 10% - 4:12
Normal Defense
1 - 38% - 40% - 18:24
2 - 26% - 30% - 12:36
3 - 23% - 20% - 11:05
4 - 14% - 10% - 6:43
PP Forward
1 - 71% - 60% - 1:36
2 - 29% - 40% - 0:40
PP Defense
1 - 35% - 60% - 0:47
2 - 65% - 40% - 1:29
PK Forward
1 - 75% - 60% - 6:23
2 - 25% - 40% - 2:10
PK Defense
1 - 56% - 60% - 4:48
2 - 44% - 40% - 3:45
PK3 Forward
1 - 0% - 60%
2 - 0% - 40%
PK3 Defense
1 - 0% - 60%
2 - 0% - 40%
44 Forward
1 - 0% - 60%
2 - 0% - 40%
44 Defense
1 - 0% - 60%
2 - 0% - 40%
Last Minute Offensive  - 0:00
Last Minute Defensive  - 0:23
Total
Forward - 60:00
Defense - 60:00

Play by Play

1st period


0:01 of 1st period - Evgeni Malkin wins face-off versus Sidney Crosby in neutral zone.
0:08 of 1st period - Snap shot by Thomas Vanek.
0:08 of 1st period - Stopped by Jonathan Bernier with a rebound.
0:46 of 1st period - Off-side.
0:47 of 1st period - David Krejci wins face-off versus David Jones in neutral zone.
0:50 of 1st period - Wrist shot by Cody Franson.
0:50 of 1st period - Deflect By Dustin Boyd.
0:50 of 1st period - Stopped by Jonathan Bernier without a rebound.
0:51 of 1st period - Dustin Boyd wins face-off versus David Krejci in Canadiens zone.
0:56 of 1st period - Brett Maclean is hit by Carlo Colaiacovo and loses puck.
1:43 of 1st period - Wrist shot by David Krejci.
1:43 of 1st period - Stopped by Jonathan Bernier without a rebound.
1:44 of 1st period - Evgeni Malkin wins face-off versus Sidney Crosby in Canadiens zone.
1:49 of 1st period - Snap shot by Thomas Vanek.
1:49 of 1st period - Shot Misses the Net.
1:51 of 1st period - Snap shot by Vladimir Mihalik.
1:51 of 1st period - Deflect By B.J. Crombeen.
1:51 of 1st period - Goal by B.J. Crombeen - Canadiens : 0 - Senateurs : 1.
1:52 of 1st period - Jason Spezza wins face-off versus Evgeni Malkin in neutral zone.
1:54 of 1st period - Minor Penalty to Adam Pardy for Roughing.
1:55 of 1st period - Evgeni Malkin wins face-off versus Sidney Crosby in Canadiens zone.
1:55 of 1st period - Backhand shot by Thomas Vanek.
1:55 of 1st period - Shot Blocked by Dennis Wideman.
1:57 of 1st period - Snap shot by Evgeni Malkin.
1:57 of 1st period - Shot Blocked by Luke Schenn.
1:59 of 1st period - Wrist shot by Dan Hamhuis.
1:59 of 1st period - Shot Misses the Net.
2:01 of 1st period - Slapshot by Thomas Vanek.
2:01 of 1st period - Goal by Thomas Vanek - Canadiens : 0 - Senateurs : 2.
2:02 of 1st period - Joe Pavelski wins face-off versus Cody Hodgson in neutral zone.
2:05 of 1st period - Wrist shot by Patrick Sharp.
2:05 of 1st period - Shot Misses the Net.
2:13 of 1st period - Wes O'Neill is hit by Johan Franzen and loses puck.
2:44 of 1st period - Icing by Wes O'Neill.
2:45 of 1st period - David Jones wins face-off versus David Krejci in Canadiens zone.
3:00 of 1st period - Wrist shot by Ramzi Abid.
3:00 of 1st period - Shot Blocked by Wes O'Neill.
3:12 of 1st period - Joe Pavelski is hit by Dan Girardi and loses puck.
3:19 of 1st period - Snap shot by Adam Pardy.
3:19 of 1st period - Stopped by Ondrej Pavelec with a rebound.
3:39 of 1st period - Dan Hamhuis is hit by Luke Schenn and loses puck.
4:04 of 1st period - Snap shot by Sidney Crosby.
4:04 of 1st period - Stopped by Ondrej Pavelec with a rebound.
4:06 of 1st period - Slapshot by Dennis Wideman.
4:06 of 1st period - Deflect By Sidney Crosby.
4:06 of 1st period - Shot Misses the Net.
4:06 of 1st period - Puck is out of play.
4:07 of 1st period - Sidney Crosby wins face-off versus Evgeni Malkin in Senateurs zone.
4:19 of 1st period - Minor Penalty to Vladimir Mihalik for Holding.
4:20 of 1st period - Sidney Crosby wins face-off versus Evgeni Malkin in Senateurs zone.
4:29 of 1st period - Wrist shot by Sidney Crosby.
4:29 of 1st period - Stopped by Ondrej Pavelec without a rebound.
4:30 of 1st period - Evgeni Malkin wins face-off versus Sidney Crosby in Senateurs zone.
4:39 of 1st period - Wrist shot by Sidney Crosby.
4:39 of 1st period - Stopped by Ondrej Pavelec without a rebound.
4:40 of 1st period - Evgeni Malkin wins face-off versus Sidney Crosby in Senateurs zone.
4:55 of 1st period - Slapshot by Dennis Wideman.
4:55 of 1st period - Goal by Dennis Wideman - Canadiens : 1 - Senateurs : 2.
4:56 of 1st period - B.J. Crombeen wins face-off versus Sidney Crosby in neutral zone.
5:03 of 1st period - Slapshot by Evgeni Malkin.
5:03 of 1st period - Shot Misses the Net.
5:09 of 1st period - Slapshot by Dennis Wideman.
5:09 of 1st period - Deflect By Sidney Crosby.
5:09 of 1st period - Shot Misses the Net.
5:09 of 1st period - Puck is out of play.
5:10 of 1st period - Jason Spezza wins face-off versus Cody Hodgson in Senateurs zone.
5:23 of 1st period - Slapshot by Jason Spezza.
5:23 of 1st period - Stopped by Ondrej Pavelec with a rebound.
5:37 of 1st period - Luke Schenn is hit by Thomas Vanek.
6:02 of 1st period - Minor Penalty to Ramzi Abid for Holding.
6:03 of 1st period - Sidney Crosby wins face-off versus Thomas Vanek in Senateurs zone.
8:02 of 1st period - Penalty to Ramzi Abid is over, Ramzi Abid is back on ice.
8:22 of 1st period - Slapshot by Thomas Vanek.
8:22 of 1st period - Stopped by Jonathan Bernier without a rebound.
8:23 of 1st period - Marcel Goc wins face-off versus Cody Hodgson in Canadiens zone.
8:23 of 1st period - Marcel Goc is hit by Brooks Orpik.
9:20 of 1st period - Kurtis Foster is hit by Greg Stewart.
9:34 of 1st period - Snap shot by Patrick Sharp.
9:34 of 1st period - Goal by Patrick Sharp - Canadiens : 2 - Senateurs : 2.
9:35 of 1st period - Sidney Crosby wins face-off versus Evgeni Malkin in neutral zone.
11:28 of 1st period - Pascal Dupuis is hit by Sidney Crosby.
12:40 of 1st period - Snap shot by Vitaly Vishnevsky.
12:40 of 1st period - Stopped by Ondrej Pavelec with a rebound.
12:42 of 1st period - Snap shot by Dustin Boyd.
12:42 of 1st period - Stopped by Ondrej Pavelec with a rebound.
12:44 of 1st period - Slapshot by Vitaly Vishnevsky.
12:44 of 1st period - Deflect By David Jones.
12:44 of 1st period - Stopped by Ondrej Pavelec with a rebound.
13:23 of 1st period - Wrist shot by Greg Stewart.
13:23 of 1st period - Shot Blocked by Dan Hamhuis.
17:56 of 1st period - Wrist shot by B.J. Crombeen.
17:56 of 1st period - Deflect By Dennis Wideman.
17:56 of 1st period - Stopped by Jonathan Bernier with a rebound.
18:00 of 1st period - Wrist shot by Thomas Vanek.
18:00 of 1st period - Shot Misses the Net.
18:02 of 1st period - Snap shot by Thomas Vanek.
18:02 of 1st period - Deflect By Joe Pavelski.
18:02 of 1st period - Stopped by Jonathan Bernier without a rebound.
18:03 of 1st period - Jason Spezza wins face-off versus Cody Hodgson in Canadiens zone.
18:16 of 1st period - Slapshot by Kurtis Foster.
18:16 of 1st period - Shot Blocked by Adam Pardy.
18:18 of 1st period - Snap shot by Cody Hodgson.
18:18 of 1st period - Goal by Cody Hodgson - Canadiens : 2 - Senateurs : 3.
18:19 of 1st period - Cody Hodgson wins face-off versus Sidney Crosby in neutral zone.
18:34 of 1st period - Snap shot by Patrick Sharp.
18:34 of 1st period - Stopped by Ondrej Pavelec without a rebound.
18:35 of 1st period - Jason Spezza wins face-off versus David Krejci in Senateurs zone.
18:56 of 1st period - Minor Penalty to Cody Franson for Hooking.
18:57 of 1st period - Evgeni Malkin wins face-off versus Sidney Crosby in Senateurs zone.
19:08 of 1st period - Slapshot by Dennis Wideman.
19:08 of 1st period - Shot Misses the Net.
19:24 of 1st period - Thomas Vanek is hit by Luke Schenn and loses puck.
Goals for this period are 2 for Canadiens vs 3 for Senateurs.
Shots for this period are 11 for Canadiens vs 9 for Senateurs.

2nd period


0:01 of 2nd period - Sidney Crosby wins face-off versus Evgeni Malkin in neutral zone.
0:56 of 2nd period - Penalty to Cody Franson is over, Cody Franson is back on ice.
1:26 of 2nd period - Vladimir Mihalik is hit by Sidney Crosby and loses puck.
1:37 of 2nd period - Snap shot by Ramzi Abid.
1:37 of 2nd period - Goal by Ramzi Abid - Canadiens : 2 - Senateurs : 4.
1:37 of 2nd period - Mikael Tellqvist enters game.
1:38 of 2nd period - Joe Pavelski wins face-off versus Evgeni Malkin in neutral zone.
2:05 of 2nd period - Greg Stewart is hit by Pascal Dupuis and loses puck.
2:12 of 2nd period - Snap shot by Pascal Dupuis.
2:12 of 2nd period - Stopped by Mikael Tellqvist with a rebound.
2:23 of 2nd period - Icing by Luke Schenn.
2:24 of 2nd period - Jason Spezza wins face-off versus Cody Hodgson in Canadiens zone.
3:02 of 2nd period - Wrist shot by Dustin Boyd.
3:02 of 2nd period - Deflect By David Jones.
3:02 of 2nd period - Deflect By Thomas Vanek.
3:02 of 2nd period - Goal by David Jones - Canadiens : 3 - Senateurs : 4.
3:03 of 2nd period - Sidney Crosby wins face-off versus Evgeni Malkin in neutral zone.
3:17 of 2nd period - Slapshot by Patrick Sharp.
3:17 of 2nd period - Stopped by Ondrej Pavelec without a rebound.
3:18 of 2nd period - Evgeni Malkin wins face-off versus Sidney Crosby in Senateurs zone.
3:25 of 2nd period - Sidney Crosby is hit by Kurtis Foster and loses puck.
4:11 of 2nd period - Wrist shot by David Jones.
4:11 of 2nd period - Stopped by Ondrej Pavelec with a rebound.
4:13 of 2nd period - Wrist shot by Brett Maclean.
4:13 of 2nd period - Shot Blocked by Carlo Colaiacovo.
4:15 of 2nd period - Backhand shot by Brett Maclean.
4:15 of 2nd period - Stopped by Ondrej Pavelec without a rebound.
4:16 of 2nd period - Sidney Crosby wins face-off versus Evgeni Malkin in Senateurs zone.
4:43 of 2nd period - Jason Spezza is hit by Cody Franson and loses puck.
5:40 of 2nd period - Snap shot by David Krejci.
5:40 of 2nd period - Stopped by Mikael Tellqvist with a rebound.
5:42 of 2nd period - Snap shot by Ramzi Abid.
5:42 of 2nd period - Stopped by Mikael Tellqvist without a rebound.
5:43 of 2nd period - Jason Spezza wins face-off versus Evgeni Malkin in Canadiens zone.
7:36 of 2nd period - Wrist shot by Ramzi Abid.
7:36 of 2nd period - Shot Blocked by Wes O'Neill.
8:00 of 2nd period - Slapshot by Jason Spezza.
8:00 of 2nd period - Shot Blocked by Cody Hodgson.
8:30 of 2nd period - Icing by Dustin Boyd.
8:31 of 2nd period - Evgeni Malkin wins face-off versus Dustin Boyd in Canadiens zone.
10:05 of 2nd period - Vladimir Mihalik is hit by Sidney Crosby and loses puck.
11:40 of 2nd period - Wes O'Neill is hit by Kurtis Foster and loses puck.
12:26 of 2nd period - Cody Franson is hit by Ladislav Nagy and loses puck.
13:20 of 2nd period - Snap shot by B.J. Crombeen.
13:20 of 2nd period - Shot Misses the Net.
14:03 of 2nd period - Cody Hodgson is hit by Brett Maclean and loses puck.
16:20 of 2nd period - Sergei Kostitsyn is hit by Greg Stewart and loses puck.
17:05 of 2nd period - Off-side.
17:06 of 2nd period - Sidney Crosby wins face-off versus David Krejci in neutral zone.
17:19 of 2nd period - Snap shot by Dustin Boyd.
17:19 of 2nd period - Goal by Dustin Boyd - Canadiens : 4 - Senateurs : 4.
17:20 of 2nd period - Sidney Crosby wins face-off versus Evgeni Malkin in neutral zone.
17:37 of 2nd period - Sidney Crosby is hit by Evgeni Malkin and loses puck.
18:29 of 2nd period - Marcel Goc is hit by Thomas Vanek.
18:35 of 2nd period - Wrist shot by B.J. Crombeen.
18:35 of 2nd period - Shot Blocked by Karl Alzner.
18:45 of 2nd period - Evgeny Dadonov is hit by Johan Franzen and loses puck.
19:09 of 2nd period - Icing by Joe Pavelski.
19:10 of 2nd period - Sidney Crosby wins face-off versus B.J. Crombeen in Canadiens zone.
19:21 of 2nd period - Wrist shot by Evgeni Malkin.
19:21 of 2nd period - Stopped by Mikael Tellqvist without a rebound.
19:22 of 2nd period - Jason Spezza wins face-off versus Evgeni Malkin in Canadiens zone.
19:48 of 2nd period - Dan Hamhuis is hit by Luke Schenn and loses puck.
19:54 of 2nd period - Icing by Dan Hamhuis.
19:55 of 2nd period - Johan Franzen wins face-off versus Dustin Boyd in Senateurs zone.
Goals for this period are 2 for Canadiens vs 1 for Senateurs.
Shots for this period are 5 for Canadiens vs 5 for Senateurs.

3rd period


0:01 of 3rd period - Sidney Crosby wins face-off versus Evgeni Malkin in neutral zone.
0:17 of 3rd period - Icing by Thomas Vanek.
0:18 of 3rd period - Jason Spezza wins face-off versus Evgeni Malkin in Senateurs zone.
0:39 of 3rd period - Snap shot by Thomas Vanek.
0:39 of 3rd period - Deflect By Evgeni Malkin.
0:39 of 3rd period - Shot Misses the Net.
0:39 of 3rd period - Puck is out of play.
0:40 of 3rd period - Cody Hodgson wins face-off versus Patrick Sharp in Canadiens zone.
0:41 of 3rd period - Snap shot by Brenden Morrow.
0:41 of 3rd period - Shot Blocked by Karl Alzner.
0:51 of 3rd period - Brenden Morrow is hit by Karl Alzner and loses puck.
0:56 of 3rd period - Snap shot by Patrick Sharp.
0:56 of 3rd period - Stopped by Ondrej Pavelec without a rebound.
0:57 of 3rd period - Jason Spezza wins face-off versus Evgeni Malkin in Senateurs zone.
1:22 of 3rd period - Brenden Morrow is hit by Patrick Sharp and loses puck.
1:33 of 3rd period - Wrist shot by Sidney Crosby.
1:33 of 3rd period - Deflect By Johan Franzen.
1:33 of 3rd period - Shot Blocked by Dan Hamhuis.
1:33 of 3rd period - Puck is out of play.
1:34 of 3rd period - Jason Spezza wins face-off versus B.J. Crombeen in Senateurs zone.
2:08 of 3rd period - Slapshot by Sidney Crosby.
2:08 of 3rd period - Shot Misses the Net.
2:39 of 3rd period - Icing by Vladimir Mihalik.
2:40 of 3rd period - David Krejci wins face-off versus Ladislav Nagy in Senateurs zone.
2:51 of 3rd period - Snap shot by Thomas Vanek.
2:51 of 3rd period - Shot Blocked by Ladislav Nagy.
3:05 of 3rd period - Cody Hodgson is hit by Adam Pardy and loses puck.
3:12 of 3rd period - Wrist shot by Greg Stewart.
3:12 of 3rd period - Shot Misses the Net.
3:14 of 3rd period - Snap shot by Evgeny Dadonov.
3:14 of 3rd period - Stopped by Ondrej Pavelec with a rebound.
3:26 of 3rd period - Minor Penalty to Adam Pardy for High sticking.
3:27 of 3rd period - Sidney Crosby wins face-off versus Evgeni Malkin in Canadiens zone.
3:38 of 3rd period - Snap shot by Evgeni Malkin.
3:38 of 3rd period - Stopped by Mikael Tellqvist with a rebound.
3:40 of 3rd period - Backhand shot by Thomas Vanek.
3:40 of 3rd period - Shot Misses the Net.
3:42 of 3rd period - Snap shot by Evgeni Malkin.
3:42 of 3rd period - Deflect By B.J. Crombeen.
3:42 of 3rd period - Stopped by Mikael Tellqvist with a rebound.
3:56 of 3rd period - Slapshot by Kurtis Foster.
3:56 of 3rd period - Deflect By Johan Franzen.
3:56 of 3rd period - Shot Misses the Net.
3:56 of 3rd period - Puck is out of play.
3:57 of 3rd period - Evgeni Malkin wins face-off versus Sidney Crosby in Canadiens zone.
4:04 of 3rd period - Slapshot by B.J. Crombeen.
4:04 of 3rd period - Shot Misses the Net.
4:06 of 3rd period - Snap shot by B.J. Crombeen.
4:06 of 3rd period - Stopped by Mikael Tellqvist without a rebound.
4:07 of 3rd period - Sidney Crosby wins face-off versus Evgeni Malkin in Canadiens zone.
5:26 of 3rd period - Penalty to Adam Pardy is over, Adam Pardy is back on ice.
5:55 of 3rd period - Adam Pardy is hit by Cody Hodgson and loses puck.
7:54 of 3rd period - Wrist shot by Dennis Wideman.
7:54 of 3rd period - Shot Blocked by Vladimir Mihalik.
8:19 of 3rd period - Wrist shot by Jason Spezza.
8:19 of 3rd period - Stopped by Ondrej Pavelec without a rebound.
8:20 of 3rd period - Brenden Morrow wins face-off versus Jason Spezza in Senateurs zone.
8:20 of 3rd period - Brenden Morrow is hit by Jason Spezza.
8:40 of 3rd period - Snap shot by Brett Maclean.
8:40 of 3rd period - Stopped by Ondrej Pavelec with a rebound.
8:42 of 3rd period - Wrist shot by Dustin Boyd.
8:42 of 3rd period - Shot Blocked by Carlo Colaiacovo.
8:44 of 3rd period - Snap shot by Brett Maclean.
8:44 of 3rd period - Shot Misses the Net.
8:46 of 3rd period - Slapshot by Dustin Boyd.
8:46 of 3rd period - Shot Misses the Net.
10:30 of 3rd period - Icing by Luke Schenn.
10:31 of 3rd period - Sidney Crosby wins face-off versus Evgeni Malkin in Canadiens zone.
10:31 of 3rd period - Sidney Crosby is hit by Thomas Vanek.
11:17 of 3rd period - Luke Schenn is hit by Cody Hodgson and loses puck.
11:34 of 3rd period - Snap shot by Greg Stewart.
11:34 of 3rd period - Stopped by Ondrej Pavelec with a rebound.
11:39 of 3rd period - Snap shot by Evgeny Dadonov.
11:39 of 3rd period - Shot Blocked by Kurtis Foster.
11:45 of 3rd period - Double Minor Penalty to Pascal Dupuis for Roughing.
11:46 of 3rd period - Evgeni Malkin wins face-off versus Sidney Crosby in Senateurs zone.
12:26 of 3rd period - Off-side.
12:27 of 3rd period - Brenden Morrow wins face-off versus Sidney Crosby in neutral zone.
12:34 of 3rd period - Wrist shot by B.J. Crombeen.
12:34 of 3rd period - Stopped by Mikael Tellqvist without a rebound.
12:35 of 3rd period - Sidney Crosby wins face-off versus Evgeni Malkin in Canadiens zone.
13:16 of 3rd period - Wrist shot by Sidney Crosby.
13:16 of 3rd period - Stopped by Ondrej Pavelec without a rebound.
13:17 of 3rd period - Jason Spezza wins face-off versus B.J. Crombeen in Senateurs zone.
15:45 of 3rd period - Penalty to Pascal Dupuis is over, Pascal Dupuis is back on ice.
17:29 of 3rd period - Carlo Colaiacovo is hit by David Jones and loses puck.
17:47 of 3rd period - Johan Franzen is hit by Karl Alzner and loses puck.
19:26 of 3rd period - Minor Penalty to Luke Schenn for High sticking.
19:27 of 3rd period - Cody Hodgson wins face-off versus Sidney Crosby in Canadiens zone.
19:34 of 3rd period - Slapshot by Brenden Morrow.
19:34 of 3rd period - Shot Blocked by Sidney Crosby.
19:36 of 3rd period - Snap shot by Brenden Morrow.
19:36 of 3rd period - Goal by Brenden Morrow - Canadiens : 4 - Senateurs : 5.
19:37 of 3rd period - Sidney Crosby wins face-off versus B.J. Crombeen in neutral zone.
19:42 of 3rd period - Canadiens, Mikael Tellqvist is pulled from the net.
Goals for this period are 0 for Canadiens vs 1 for Senateurs.
Shots for this period are 6 for Canadiens vs 5 for Senateurs.